 Dungeon Crawl Stone Soup version 0.31.0-32-g396128a36d (webtiles) character file.

Game seed: 10851088509761314468

50 H0rd4k the Charlatan (level 3, 0/24 HPs)
             Began as an Octopode Artificer on Apr 16, 2024.
             Succumbed to an adder's poison
             ... on level 2 of the Dungeon.
             The game lasted 00:00:46 (1412 turns).

H0rd4k the Charlatan (Octopode Artificer)           Turns: 1412, Time: 00:00:47

Health: 0/24       AC:  1    Str: 11    XL:     3   Next: 79%
Magic:  3/3        EV: 13    Int: 15    God:
Gold:   29         SH:  0    Dex: 12    Spells: 2/2 levels left

rFire   . .          .
                       - Unarmed
rCold   . . .        (no shield)
rNeg    . . .        (helmet restricted)
rPois   .            (no amulet)
rElec   .            (no ring)
rCorr   .            (no ring)
SInv    .            (no ring)
Will    .....        (no ring)
Stlth   +++          (no ring)
HPRegen 0.24/turn    (no ring)
MPRegen 0.08/turn    (no ring)
                     (no ring)

%: no passive effects
@: lethally poisoned (0 -> -9), invisible
A: almost no armour, amphibious, 8 rings, camouflage 1, gelatinous body 1,
(nimble swimmer 1), tentacles
a: no special abilities


You were on level 2 of the Dungeon.
You visited 1 branch of the dungeon, and saw 2 of its levels.

You collected 29 gold pieces.

Inventory:

Missiles
 g - 10 atropa-tipped darts
Wands
 b - a wand of flame (15) (quivered)
 c - a wand of charming (14)
 d - a wand of iceblast (5)
Scrolls
 f - a scroll of silence {unknown}
 h - a scroll of vulnerability {unknown}
 i - a scroll of identify {unknown}
Potions
 a - a potion of degeneration {unknown}
 j - a potion of cancellation {unknown}


   Skills:
 + Level 1.7 Fighting
 - Level 2.3 Dodging
 - Level 1.3 Stealth
 + Level 2.9 Unarmed Combat
 - Level 3.2 Evocations


You had 2 spell levels left.
You didn't know any spells.
Your spell library was empty.

Dungeon Overview and Level Annotations

Branches:
Dungeon (2/15)

Altars:


Innate Abilities, Weirdness & Mutations

You cannot wear most types of armour.
You are amphibious.
You can wear up to eight rings at the same time.
Your skin changes colour to match your surroundings (Stealth+).
Your rubbery body absorbs attacks. (AC +1, EV +1)
((You are camouflaged when in or above water. (Stealth+)))
You have tentacles for arms and can constrict up to eight enemies at once.


Message History

2 adders come into view.
You barely miss the adder. You grab the adder. You constrict the adder.
The adder misses you.
There are monsters nearby!
You barely miss the adder.
The adder is lightly wounded.
You constrict the adder.
The adder struggles to escape constriction.
There are monsters nearby!
You barely miss the adder.
The adder is lightly wounded.
You constrict the adder.
The adder escapes!
There are monsters nearby!
There are monsters nearby!
You closely miss the adder. Your grab misses the adder.
The adder is moderately wounded.
The adder bites you.
You are poisoned.
The adder poisons you! The adder misses you.
You closely miss the adder. Your grab misses the adder.
Your squeeze misses the adder.
The adder is moderately wounded.
You feel sick. The adder bites you. x2
You are more poisoned.
The adder poisons you! The adder bites you.
You are lethally poisoned!
The adder poisons you! The adder bites you.
* * * LOW HITPOINT WARNING * * *
You feel very sick. The adder attacks as it pursues you! The adder misses you.
Aiming: Charm
Press: ? - help, Shift-Dir - straight line, f - adder
Aim: an adder (moderately wounded, chance to affect: 66%)
The adder is charmed.
* * * LOW HITPOINT WARNING * * *
You feel very sick. The adder misses your adder.
It was a potion of invisibility.
You fade into invisibility!
You die...

###..##.#
#.......#
...
#.#.....#
..
#.##.##.#..
#.##.##.#.
#.##.....
#.#####.#.
#.#####.#..
#....@SS#
..
#########


You could see an adder (unable to see you) and a friendly adder (charmed).

Vanquished Creatures
  An adder (D:2)
  A ribbon worm (D:2)
  2 dart slugs
  2 ball pythons (D:1)
  4 bats
  An endoplasm (D:1)
  2 giant cockroaches (D:1)
  2 hobgoblins
  4 kobolds
  3 quokkas
  A frilled lizard (D:1)
  4 goblins
  5 rats (D:1)
32 creatures vanquished.

Notes
Turn   | Place    | Note
-------+----------+-------------------------------------------
     0 | D:1      | H0rd4k the Octopode Artificer began the quest for the Orb.
     0 | D:1      | Reached XP level 1. HP: 13/13 MP: 1/1
   196 | D:1      | Reached skill level 1 in Unarmed Combat
   196 | D:1      | Reached XP level 2. HP: 12/18 MP: 2/2
   566 | D:1      | Reached XP level 3. HP: 23/23 MP: 3/3
  1130 | D:2      | Found the amulet of Elemental Vulnerability {rPois rF--
                  | rC-- AC+8}
  1412 | D:2      | Succumbed to an adder's poison

Illustrated notes

Levels and vault maps discovered:
D:1:      dpeg_arrival_stone_temple_mockup, layout_basic,
          chequers_serial_rivers_small_3, minivault_23,
          hangedman_decor_slide_cut
D:2:      layout_loops_corners, serial_glass, glass_columns_c, glass_columns_c,
          due_unseen_surprise, item_on_display_a, item_on_display_b,
          minmay_strange_pillars, shapermc_ecumenical_altar_mp_highgroup

Skill      XL: |  1  2 |
---------------+-------+-----
Unarmed Combat | 1 2 |  2.9
Fighting       | |  1.7
Dodging        | |  2.3
Stealth        | |  1.3
Evocations     | |  3.2

Action                     || total
---------------------------++-------
  Melee: Unarmed           ||    82
         Constrict         ||    21
         Tentacles         ||    12
         Punch             ||     2
  Evoke: Wand              ||     1
    Use: Potion            ||     1
   Stab: Sleeping          ||    10
 Armour: Skin              ||    36
  Dodge: Dodged            ||    48
